Map: Cyber Forest LE

Players

IIIIIIIIIIII (Elazer)

  • Race: Zerg Zerg
  • League: Master
  • Spawn Location: 5:00

Lambo - Winner!

  • Race: Zerg Zerg
  • League: Master
  • Spawn Location: 11:00

VOD

Have the link to the VOD?

Description

Time

  • Played on: Jan. 25, 2019, 2:09 p.m.
  • Length: 8:12
Show
View Real Time Build Order
Export as new Build Order

IIIIIIIIIIII Zerg 

Build Orders: Hatch First 

Get SALT Encoding   

  12  0:00  Drone  
  13  0:13  Overlord  
  13  0:17  Drone  
  14  0:32  Drone x2  
  16  0:49  Hatchery  
  15  0:52  Drone  
  15  0:55  Drone  
  17  1:10  Spawning Pool  
  16  1:13  Extractor  
  16  1:15  Drone  
  16  1:18  Drone  
  17  1:21  Drone  
  18  1:29  Drone  
  19  1:56  Zergling x4  
  19  2:00  Queen x2  
  25  2:01  Zergling x4  
  27  2:22  Zergling x2  
  26  2:25  Drone x2  
  28  2:32  Overlord  
  27  2:51  Drone x4  
  31  2:55  Drone  
  31  2:57  Drone  
  33  3:05  Overlord  
  33  3:06  Drone  
  34  3:16  Drone  
  34  3:19  Lair  
  35  3:24  Drone x5, Evolution Chamber  
  35  3:26  Drone  
  40  3:29  Drone  
  41  3:39  Overlord  
  41  3:40  Drone  
  42  3:45  Drone, Roach Warren  
  42  3:48  Extractor x2  
  41  3:49  Drone x2  
  41  3:53  Drone  
  41  3:55  Zerg Missile Weapons Level 1  
  43  3:59  Drone x2  
  43  4:01  Drone  
  46  4:03  Drone  
  46  4:09  Drone x2  
  49  4:12  Overlord  
  49  4:19  Drone  
  49  4:21  Overlord, Drone  
  51  4:32  Roach  
  51  4:34  Glial Reconstitution  
  51  4:38  Roach  
  55  4:39  Hatchery  
  55  4:40  Roach  
  58  4:45  Roach  
  58  4:46  Roach  
  58  4:49  Drone  
  58  4:50  Drone x2  
  63  4:54  Drone  
  63  4:57  Queen  
  66  5:00  Overlord  
  66  5:03  Roach  
  68  5:16  Overlord  
  68  5:17  Extractor  
  68  5:20  Roach x4  
  75  5:25  Overlord  
  75  5:30  Drone  
  75  5:34  Drone x5  
  80  5:38  Drone  
  81  5:43  Overseer  
  81  5:48  Drone x2  
  83  5:53  Drone  
  83  5:56  Tunneling Claws  
  83  5:57  Burrow  
  84  5:58  Drone x2  
  84  5:59  Drone  
  84  6:00  Drone  
  88  6:05  Overlord  
  88  6:08  Drone x4  
  92  6:11  Drone  
  92  6:12  Evolution Chamber  
  92  6:13  Extractor, Drone x2  
  92  6:15  Extractor  
  92  6:19  Drone  
  92  6:22  Drone  
  92  6:24  Drone x3  
  97  6:28  Overlord  
  97  6:36  Pneumatized Carapace, Hatchery  
  96  6:40  Overlord  
  96  6:49  Roach x4  
  96  6:51  Overlord  
  96  6:52  Overlord x2  
  104  7:06  Roach x4  
  112  7:09  Overlord  
  112  7:11  Roach x6  
  112  7:13  Overlord  
  123  7:19  Overlord  
  123  7:20  Roach  
  125  7:23  Roach x4  
  125  7:28  Ravager x2  
  135  7:32  Roach  
  135  7:33  Roach x4  
  145  7:43  Roach x2  
  144  7:50  Roach x7  
Show
View Real Time Build Order
Export as new Build Order

Lambo Zerg - Winner!

Build Orders: Pool First 

Get SALT Encoding   

  12  0:19  Spawning Pool  
  11  0:23  Drone  
  11  0:27  Drone  
  13  0:31  Drone  
  14  0:41  Overlord  
  14  1:06  Zergling x6  
  17  1:17  Zergling x2  
  18  1:19  Hatchery  
  17  1:27  Zergling x2  
  18  1:35  Queen  
  20  1:42  Drone  
  21  1:54  Overlord  
  21  2:03  Drone  
  22  2:11  Queen  
  24  2:18  Drone  
  25  2:25  Drone  
  26  2:32  Drone x2  
  28  2:39  Queen  
  28  2:42  Drone  
  31  2:46  Drone  
  32  2:54  Overlord  
  32  2:55  Drone  
  32  2:57  Drone x2  
  35  2:58  Drone  
  35  3:01  Extractor  
  35  3:03  Extractor  
  35  3:04  Drone  
  35  3:06  Drone  
  36  3:18  Drone x2  
  38  3:24  Evolution Chamber  
  38  3:26  Drone x4  
  41  3:28  Drone  
  42  3:37  Overlord  
  42  3:41  Drone  
  42  3:42  Extractor  
  42  3:47  Drone, Roach Warren  
  42  3:51  Drone  
  42  3:55  Zerg Missile Weapons Level 1  
  43  3:57  Drone  
  43  3:59  Drone  
  43  4:01  Drone  
  46  4:03  Drone  
  46  4:05  Drone  
  46  4:07  Drone  
  49  4:14  Lair  
  49  4:16  Drone  
  50  4:18  Drone  
  50  4:20  Drone  
  52  4:25  Overlord  
  52  4:39  Hatchery  
  52  4:40  Drone  
  52  4:44  Drone x2  
  53  4:47  Drone x2  
  53  4:51  Drone x3  
  58  4:53  Drone  
  58  4:56  Extractor  
  58  4:57  Drone  
  58  4:59  Pneumatized Carapace  
  59  5:03  Overlord  
  59  5:10  Overlord  
  59  5:12  Overlord  
  59  5:18  Evolution Chamber  
  59  5:19  Drone  
  59  5:20  Glial Reconstitution  
  59  5:24  Overlord, Overseer  
  59  5:26  Drone x4  
  63  5:31  Drone x2  
  65  5:35  Overlord  
  65  5:42  Overlord  
  65  5:45  Roach x3  
  65  5:49  Zerg Ground Armor Level 1  
  71  5:52  Roach x2  
  71  5:56  Zerg Missile Weapons Level 2  
  75  5:59  Roach  
  75  6:02  Roach  
  79  6:04  Roach x2  
  79  6:10  Roach x2  
  87  6:14  Roach x3  
  87  6:16  Overlord  
  93  6:20  Overlord  
  93  6:22  Overlord  
  93  6:23  Overlord  
  93  6:27  Overlord  
  93  6:30  Roach  
  93  6:31  Overlord  
  95  6:34  Roach  
  95  6:38  Roach x3  
  103  6:40  Roach  
  103  6:43  Ravager x4  
  111  6:47  Roach x2  
  111  6:53  Roach x3  
  120  6:54  Ravager  
  120  6:58  Roach x3  
  126  7:03  Roach x2  
  130  7:12  Roach  
  130  7:13  Roach x3  
  138  7:16  Roach  
  138  7:17  Roach  
  138  7:21  Roach x2  
  145  7:24  Roach  
  145  7:26  Overlord  
  145  7:27  Roach x2  
  145  7:29  Overlord  
  151  7:30  Roach  
  151  7:32  Overlord  
  151  7:34  Roach  
  155  7:38  Roach x2  
  155  7:40  Overlord  
  157  7:50  Roach x5  
  160  7:52  Roach  
Tags
 
Add a new tag
Caveats
  • Supply blocks, unpowered buildings, or Contaminate may cause inaccurate times.
  • Supply counts are checked every 10 seconds.